[ AOE2 MATCH · #473303088 ]
UnrankedPortuguese vs Turks
Player's team · WIN
[ REPLAY ANALYSIS · EXTRACTED FROM THE RECORDED GAME ]
Feudal
—
Castle
—
Imperial
—
| APM avg | 19.3 |
| APM peak | 49 |
| eAPM avg | 13.6 |
| Villagers / military | 0 / 656 |
Focus
⚔️ 95.6% · 🌾 4.4%
Knight ×656
Feudal
—
Castle
—
Imperial
—
| APM avg | 53.7 |
| APM peak | 114 |
| eAPM avg | 43.1 |
| Villagers / military | 0 / 758 |
Focus
⚔️ 98.2% · 🌾 1.8%
Knight ×523 · Battering Ram ×139 · Cavalry Archer ×96
Feudal
—
Castle
—
Imperial
—
| APM avg | 41.6 |
| APM peak | 79 |
| eAPM avg | 17.7 |
| Villagers / military | 0 / 470 |
Focus
⚔️ 89.0% · 🌾 11.0%
Cavalry Archer ×429 · Monk ×41
Feudal
—
Castle
—
Imperial
—
| APM avg | 10.4 |
| APM peak | 35 |
| eAPM avg | 6.3 |
| Villagers / military | 0 / 335 |
Focus
⚔️ 95.8% · 🌾 4.2%
Archer ×335
Feudal
—
Castle
—
Imperial
—
| APM avg | 48.5 |
| APM peak | 116 |
| eAPM avg | 3.4 |
| Villagers / military | 0 / 0 |
Focus
⚔️ 100.0% · 🌾 0.0%
Feudal
—
Castle
—
Imperial
—
| APM avg | 19.8 |
| APM peak | 64 |
| eAPM avg | 12.1 |
| Villagers / military | 0 / 205 |
Focus
⚔️ 93.9% · 🌾 6.1%
Militia ×205
Feudal
—
Castle
—
Imperial
—
| APM avg | 11.9 |
| APM peak | 39 |
| eAPM avg | 1.9 |
| Villagers / military | 0 / 0 |
Focus
⚔️ 97.8% · 🌾 2.2%
Feudal
—
Castle
—
Imperial
—
| APM avg | 19.0 |
| APM peak | 40 |
| eAPM avg | 2.8 |
| Villagers / military | 0 / 0 |
Focus
⚔️ 98.3% · 🌾 1.7%
Match map
Initial resources + every placement click. Lines = walls · curves = elevation contours. ◆ gold · ⬟ stone · ● berries · ✦ relic · ◌ wall gap
Your base· Open
_Shamanix_'s base· Open
Sonrimo's base· ✓ Map-separated
|GaoeG| Ratarax's base· Open
85660337's base· ✓ Map-separated
294246151's base· Open
wrangler867's base· Open
BBlR| oduncu's base· Open
Smoothed initial terrain · ◌ = detected wall gap · hover for details
Inputs per minute
— heart - - _Shamanix_
Build order — heart
First 150 of 238 actions detected
| 11:03 | Build | Stable |
| 11:04 | Build | Stable |
| 11:05 | Build | Stable |
| 11:06 | Build | Stable |
| 11:09 | Build | Stable |
| 11:10 | Build | Stable |
| 11:11 | Build | Stable |
| 11:12 | Build | Stable |
| 11:14 | Build | Stable |
| 11:15 | Build | Stable |
| 11:25 | Build | Stable |
| 11:26 | Build | Archery Range |
| 11:29 | Build | Stable |
| 12:11 | Research | Bloodlines |
| 12:11 | Research | Husbandry |
| 12:14 | Research | Iron Casting |
| 12:15 | Research | Chain Barding Armor |
| 12:15 | Research | Bodkin Arrow |
| 12:16 | Research | Leather Archer Armor |
| 12:16 | Research | Chain Mail Armor |
| 12:19 | Research | Treadmill Crane |
| 12:19 | Research | Ballistics |
| 12:20 | Research | Guard Tower (upgrade) |
| 12:20 | Research | Tech 909 |
| 12:21 | Research | Tech 908 |
| 12:21 | Research | Careening |
| 12:54 | Research | Tech 1404 |
| 13:31 | Create | Knight ×5 |
| 13:31 | Create | Knight ×5 |
| 13:32 | Create | Knight ×5 |
| 13:32 | Create | Knight ×5 |
| 13:32 | Create | Knight ×5 |
| 13:33 | Create | Knight ×5 |
| 13:33 | Create | Knight ×5 |
| 13:33 | Create | Knight ×5 |
| 13:34 | Create | Knight ×5 |
| 13:34 | Create | Knight ×5 |
| 13:34 | Create | Knight ×5 |
| 14:25 | Build | Stable |
| 14:27 | Build | Stable |
| 15:54 | Create | Knight ×5 |
| 15:54 | Create | Knight ×5 |
| 15:55 | Create | Knight ×5 |
| 15:55 | Create | Knight ×5 |
| 15:55 | Create | Knight ×5 |
| 15:55 | Create | Knight ×5 |
| 15:56 | Create | Knight ×5 |
| 15:56 | Create | Knight ×5 |
| 15:56 | Create | Knight ×5 |
| 15:57 | Create | Knight ×5 |
| 15:57 | Create | Knight ×5 |
| 15:57 | Create | Knight ×5 |
| 15:58 | Create | Knight ×5 |
| 15:58 | Create | Knight ×5 |
| 15:58 | Create | Knight ×5 |
| 15:59 | Create | Knight ×5 |
| 15:59 | Create | Knight ×5 |
| 16:03 | Create | Knight ×5 |
| 16:04 | Create | Knight ×5 |
| 16:04 | Create | Knight ×5 |
| 16:29 | Create | Knight ×5 |
| 16:29 | Create | Knight ×5 |
| 16:30 | Create | Knight ×5 |
| 16:32 | Create | Knight ×3 |
| 16:32 | Create | Knight ×3 |
| 16:57 | Build | Stable |
| 16:58 | Build | Stable |
| 16:59 | Build | Stable |
| 17:01 | Build | Stable |
| 17:02 | Build | Stable |
| 17:03 | Build | Stable |
| 17:21 | Build | Stable |
| 17:22 | Build | Stable |
| 17:25 | Build | Stable |
| 18:01 | Create | Knight ×5 |
| 18:01 | Create | Knight ×5 |
| 18:02 | Create | Knight ×5 |
| 18:02 | Create | Knight ×5 |
| 18:02 | Create | Knight ×5 |
| 18:02 | Create | Knight ×5 |
| 18:03 | Create | Knight ×5 |
| 18:03 | Create | Knight ×5 |
| 18:03 | Create | Knight ×5 |
| 18:04 | Create | Knight ×5 |
| 18:04 | Create | Knight ×5 |
| 18:04 | Create | Knight ×5 |
| 18:05 | Create | Knight ×5 |
| 18:05 | Create | Knight ×5 |
| 18:05 | Create | Knight ×5 |
| 18:06 | Create | Knight ×5 |
| 18:34 | Research | Cavalier (upgrade) |
| 18:34 | Research | Cavalier (upgrade) |
| 18:38 | Research | Blast Furnace |
| 18:38 | Research | Plate Barding Armor |
| 18:38 | Research | Bracer |
| 18:39 | Research | Ring Archer Armor |
| 18:39 | Research | Plate Mail Armor |
| 18:43 | Research | Elite Organ Gun (upgrade) |
| 18:44 | Research | Arquebus |
| 18:45 | Research | Conscription |
| 18:45 | Research | Sappers |
| 18:46 | Research | Spies/Treason |
| 18:46 | Research | Spies/Treason |
| 18:50 | Research | Chemistry |
| 18:50 | Research | Siege Engineers |
| 18:50 | Research | Keep (upgrade) |
| 18:51 | Research | Dry Dock |
| 18:51 | Research | Tech 907 |
| 18:59 | Create | Knight ×5 |
| 18:59 | Create | Knight ×5 |
| 18:59 | Create | Knight ×5 |
| 19:00 | Create | Knight ×5 |
| 19:00 | Create | Knight ×5 |
| 19:00 | Create | Knight ×5 |
| 19:01 | Create | Knight ×5 |
| 19:01 | Create | Knight ×5 |
| 19:01 | Create | Knight ×5 |
| 19:02 | Create | Knight ×5 |
| 19:43 | Create | Knight ×5 |
| 19:43 | Create | Knight ×5 |
| 19:43 | Create | Knight ×5 |
| 19:44 | Create | Knight ×5 |
| 19:44 | Create | Knight ×5 |
| 19:44 | Create | Knight ×5 |
| 19:45 | Create | Knight ×5 |
| 19:45 | Create | Knight ×5 |
| 19:45 | Create | Knight ×5 |
| 19:46 | Create | Knight ×5 |
| 19:46 | Create | Knight ×5 |
| 19:47 | Create | Knight ×5 |
| 19:47 | Create | Knight ×5 |
| 20:20 | Build | Stable |
| 20:22 | Build | Stable |
| 20:23 | Build | Stable |
| 20:26 | Build | Stable |
| 20:27 | Build | Stable |
| 20:29 | Build | Stable |
| 20:30 | Build | Stable |
| 20:33 | Build | Stable |
| 20:44 | Create | Knight ×5 |
| 20:44 | Create | Knight ×5 |
| 20:45 | Create | Knight ×5 |
| 20:45 | Create | Knight ×5 |
| 20:45 | Create | Knight ×5 |
| 20:46 | Create | Knight ×5 |
| 20:46 | Create | Knight ×5 |
| 20:46 | Create | Knight ×5 |
| 20:47 | Create | Knight ×5 |
| 20:47 | Create | Knight ×5 |
| 20:47 | Create | Knight ×5 |
Build order — _Shamanix_
First 150 of 248 actions detected
| 10:21 | Research | Ballistics |
| 10:22 | Research | Treadmill Crane |
| 10:22 | Research | Guard Tower (upgrade) |
| 10:23 | Research | Tech 909 |
| 10:24 | Research | Careening |
| 10:25 | Research | Tech 908 |
| 10:28 | Research | Bodkin Arrow |
| 10:28 | Research | Iron Casting |
| 10:29 | Research | Chain Mail Armor |
| 10:29 | Research | Leather Archer Armor |
| 10:30 | Research | Chain Barding Armor |
| 14:07 | Build | Stable |
| 14:09 | Build | Stable |
| 14:11 | Build | Stable |
| 14:12 | Build | Stable |
| 14:14 | Build | Stable |
| 14:15 | Build | Stable |
| 14:17 | Build | Stable |
| 14:18 | Build | Stable |
| 14:20 | Build | Stable |
| 14:21 | Build | Stable |
| 14:24 | Build | Stable |
| 14:25 | Build | Stable |
| 14:34 | Build | Archery Range |
| 14:35 | Build | Archery Range |
| 14:37 | Build | Archery Range |
| 14:38 | Build | Archery Range |
| 14:40 | Build | Archery Range |
| 14:45 | Build | Stable |
| 14:50 | Research | Sipahi |
| 16:14 | Build | Stable |
| 16:15 | Build | Stable |
| 16:18 | Build | Stable |
| 16:21 | Build | Stable |
| 16:23 | Build | Stable |
| 16:25 | Build | Stable |
| 16:27 | Build | Stable |
| 16:32 | Build | Stable |
| 16:34 | Build | Stable |
| 16:37 | Build | Stable |
| 16:40 | Build | Watch Tower |
| 16:45 | Build | Stable |
| 16:47 | Build | Stable |
| 16:49 | Build | Stable |
| 16:53 | Build | Stable |
| 16:55 | Build | Stable |
| 16:58 | Build | Watch Tower |
| 18:05 | Research | Thumb Ring |
| 18:06 | Research | Crossbowman (upgrade) |
| 18:09 | Research | Bloodlines |
| 18:10 | Research | Husbandry |
| 18:10 | Create | Knight ×5 |
| 18:11 | Create | Knight ×5 |
| 18:11 | Create | Knight ×5 |
| 18:11 | Create | Knight ×5 |
| 18:11 | Create | Knight ×5 |
| 18:12 | Create | Knight ×5 |
| 18:12 | Create | Knight ×5 |
| 18:12 | Create | Knight ×5 |
| 18:12 | Create | Knight ×5 |
| 18:13 | Create | Knight ×5 |
| 18:13 | Create | Knight ×5 |
| 18:13 | Create | Knight ×5 |
| 18:13 | Create | Knight ×5 |
| 18:14 | Create | Knight |
| 18:14 | Create | Knight ×5 |
| 18:14 | Create | Knight ×2 |
| 18:23 | Create | Cavalry Archer ×5 |
| 18:23 | Create | Cavalry Archer ×5 |
| 18:23 | Create | Cavalry Archer ×5 |
| 18:23 | Create | Cavalry Archer ×5 |
| 18:24 | Create | Cavalry Archer ×5 |
| 18:24 | Create | Cavalry Archer ×5 |
| 18:24 | Create | Cavalry Archer ×5 |
| 18:25 | Create | Cavalry Archer ×5 |
| 18:25 | Create | Cavalry Archer ×5 |
| 18:25 | Create | Cavalry Archer ×5 |
| 18:26 | Create | Cavalry Archer ×5 |
| 18:26 | Create | Cavalry Archer |
| 18:27 | Create | Cavalry Archer ×2 |
| 18:27 | Create | Cavalry Archer ×2 |
| 18:48 | Create | Cavalry Archer ×5 |
| 18:48 | Create | Cavalry Archer ×5 |
| 18:48 | Create | Cavalry Archer ×5 |
| 18:49 | Create | Cavalry Archer ×5 |
| 18:51 | Create | Knight ×5 |
| 18:51 | Create | Knight ×5 |
| 18:52 | Create | Knight ×5 |
| 18:52 | Create | Knight ×5 |
| 18:52 | Create | Knight ×5 |
| 20:11 | Create | Cavalry Archer ×5 |
| 20:12 | Create | Cavalry Archer ×5 |
| 20:14 | Create | Cavalry Archer ×2 |
| 20:26 | Create | Knight ×5 |
| 20:26 | Create | Knight ×5 |
| 20:27 | Create | Knight ×5 |
| 20:27 | Create | Knight ×5 |
| 20:27 | Create | Knight ×5 |
| 20:27 | Create | Knight ×5 |
| 20:28 | Create | Knight ×5 |
| 20:28 | Create | Knight ×5 |
| 20:28 | Create | Knight ×5 |
| 20:29 | Create | Knight ×5 |
| 20:29 | Create | Knight ×5 |
| 20:29 | Create | Knight ×5 |
| 20:29 | Create | Knight |
| 20:30 | Create | Knight ×2 |
| 20:30 | Create | Knight ×2 |
| 20:34 | Create | Cavalry Archer ×2 |
| 20:34 | Create | Cavalry Archer ×2 |
| 22:52 | Create | Knight ×5 |
| 22:53 | Create | Knight ×5 |
| 22:53 | Create | Knight ×5 |
| 22:53 | Create | Knight ×5 |
| 22:54 | Create | Knight ×5 |
| 22:54 | Create | Knight ×5 |
| 22:54 | Create | Knight ×5 |
| 22:54 | Create | Knight ×5 |
| 22:55 | Create | Knight ×5 |
| 22:55 | Create | Knight ×5 |
| 22:55 | Create | Knight ×5 |
| 22:56 | Create | Knight ×5 |
| 22:56 | Create | Knight ×5 |
| 22:56 | Create | Knight |
| 22:56 | Create | Knight ×5 |
| 22:57 | Create | Knight ×5 |
| 22:57 | Create | Knight ×5 |
| 22:57 | Create | Knight ×5 |
| 23:01 | Build | Siege Workshop |
| 23:02 | Build | Siege Workshop |
| 23:06 | Build | Siege Workshop |
| 23:08 | Build | Siege Workshop |
| 23:09 | Build | Siege Workshop |
| 23:13 | Build | Siege Workshop |
| 24:00 | Create | Knight ×5 |
| 24:00 | Create | Knight ×5 |
| 24:01 | Create | Knight ×5 |
| 24:01 | Create | Knight ×5 |
| 24:01 | Create | Knight ×5 |
| 24:01 | Create | Knight ×5 |
| 24:02 | Create | Knight ×5 |
| 24:02 | Create | Knight ×5 |
| 24:02 | Create | Knight ×5 |
| 24:03 | Create | Knight ×5 |
| 24:03 | Create | Knight ×5 |
| 24:03 | Create | Knight ×5 |
| 24:05 | Create | Knight ×5 |
| 24:05 | Create | Knight ×5 |
| 24:06 | Create | Knight ×5 |
| 24:06 | Create | Knight ×5 |
Build order — Sonrimo
First 150 of 169 actions detected
| 6:29 | Build | Stable |
| 6:32 | Build | Archery Range |
| 6:33 | Build | Archery Range |
| 7:13 | Research | Bloodlines |
| 9:14 | Build | Archery Range |
| 9:16 | Build | Archery Range |
| 9:17 | Build | Archery Range |
| 9:19 | Build | Archery Range |
| 9:21 | Build | Archery Range |
| 9:23 | Build | Archery Range |
| 9:24 | Build | Archery Range |
| 9:25 | Build | Archery Range |
| 9:27 | Build | Archery Range |
| 9:30 | Build | Archery Range |
| 13:19 | Research | Chain Mail Armor |
| 13:20 | Research | Husbandry |
| 13:23 | Research | Tech 28 |
| 13:43 | Build | Monastery |
| 13:44 | Build | Monastery |
| 13:47 | Research | Thumb Ring |
| 13:49 | Research | Crossbowman (upgrade) |
| 13:49 | Research | Elite Skirmisher (upgrade) |
| 14:01 | Research | Iron Casting |
| 14:35 | Research | Chain Barding Armor |
| 14:45 | Create | Monk |
| 14:47 | Create | Monk |
| 14:58 | Research | Sanctity |
| 14:59 | Create | Monk |
| 15:15 | Create | Cavalry Archer ×5 |
| 15:16 | Create | Cavalry Archer ×5 |
| 15:16 | Create | Cavalry Archer ×5 |
| 15:17 | Create | Cavalry Archer ×5 |
| 15:17 | Create | Cavalry Archer ×5 |
| 15:17 | Create | Cavalry Archer ×5 |
| 15:18 | Create | Cavalry Archer ×5 |
| 15:18 | Create | Cavalry Archer ×5 |
| 15:18 | Create | Cavalry Archer ×5 |
| 15:19 | Create | Cavalry Archer ×5 |
| 15:19 | Create | Cavalry Archer ×5 |
| 15:20 | Create | Cavalry Archer ×5 |
| 15:20 | Create | Cavalry Archer ×5 |
| 15:21 | Create | Cavalry Archer ×5 |
| 15:22 | Create | Cavalry Archer ×5 |
| 15:23 | Create | Cavalry Archer ×5 |
| 15:23 | Create | Cavalry Archer ×5 |
| 15:24 | Create | Cavalry Archer ×5 |
| 15:24 | Create | Cavalry Archer ×5 |
| 15:24 | Create | Cavalry Archer ×5 |
| 15:47 | Build | Monastery |
| 15:56 | Research | Fervor |
| 16:05 | Create | Monk |
| 16:06 | Create | Monk |
| 16:06 | Create | Monk |
| 16:07 | Research | Redemption |
| 16:08 | Create | Monk |
| 16:08 | Create | Monk |
| 16:08 | Create | Monk |
| 16:34 | Build | Stone Wall |
| 16:36 | Build | Stone Wall |
| 17:10 | Create | Cavalry Archer ×5 |
| 17:10 | Create | Cavalry Archer ×5 |
| 17:11 | Create | Cavalry Archer ×5 |
| 17:11 | Create | Cavalry Archer ×5 |
| 17:11 | Create | Cavalry Archer ×5 |
| 17:12 | Create | Cavalry Archer ×5 |
| 17:12 | Create | Cavalry Archer ×5 |
| 17:27 | Create | Monk |
| 18:08 | Research | Bodkin Arrow |
| 18:08 | Research | Leather Archer Armor |
| 18:14 | Create | Cavalry Archer ×5 |
| 18:14 | Create | Cavalry Archer ×5 |
| 18:14 | Create | Cavalry Archer ×5 |
| 18:15 | Create | Cavalry Archer ×5 |
| 18:15 | Create | Cavalry Archer ×5 |
| 18:15 | Create | Cavalry Archer ×5 |
| 18:16 | Create | Cavalry Archer ×3 |
| 19:38 | Create | Cavalry Archer ×5 |
| 19:39 | Create | Cavalry Archer ×5 |
| 19:39 | Create | Cavalry Archer ×5 |
| 19:40 | Create | Cavalry Archer ×5 |
| 19:40 | Create | Cavalry Archer ×5 |
| 19:40 | Create | Cavalry Archer ×5 |
| 19:41 | Create | Cavalry Archer ×2 |
| 20:36 | Create | Cavalry Archer ×5 |
| 20:36 | Create | Cavalry Archer ×4 |
| 20:50 | Build | Archery Range |
| 20:54 | Build | Archery Range |
| 20:55 | Build | Archery Range |
| 20:57 | Build | Archery Range |
| 21:05 | Create | Monk |
| 21:06 | Create | Monk ×5 |
| 21:06 | Create | Monk ×5 |
| 21:07 | Create | Monk ×5 |
| 21:38 | Create | Cavalry Archer ×5 |
| 21:39 | Create | Cavalry Archer ×5 |
| 21:39 | Create | Cavalry Archer ×5 |
| 21:40 | Create | Cavalry Archer ×5 |
| 21:40 | Create | Cavalry Archer ×5 |
| 22:13 | Research | Ballistics |
| 24:06 | Create | Cavalry Archer ×5 |
| 24:06 | Create | Cavalry Archer ×5 |
| 24:07 | Create | Cavalry Archer ×5 |
| 24:07 | Create | Cavalry Archer ×5 |
| 24:08 | Create | Cavalry Archer ×5 |
| 24:08 | Create | Cavalry Archer ×5 |
| 24:08 | Create | Cavalry Archer ×5 |
| 24:09 | Create | Cavalry Archer ×5 |
| 24:09 | Create | Cavalry Archer ×5 |
| 24:10 | Create | Cavalry Archer ×5 |
| 24:10 | Create | Cavalry Archer ×5 |
| 24:29 | Create | Monk ×5 |
| 24:30 | Create | Monk ×5 |
| 24:30 | Create | Monk ×5 |
| 25:17 | Research | Careening |
| 25:17 | Research | Tech 908 |
| 25:17 | Research | Treadmill Crane |
| 25:17 | Research | Treadmill Crane |
| 25:18 | Research | Guard Tower (upgrade) |
| 25:19 | Research | Tech 909 |
| 25:25 | Create | Cavalry Archer ×5 |
| 25:25 | Create | Cavalry Archer ×5 |
| 25:25 | Create | Cavalry Archer ×5 |
| 25:26 | Create | Cavalry Archer ×5 |
| 25:26 | Create | Cavalry Archer ×5 |
| 25:27 | Create | Cavalry Archer ×5 |
| 25:27 | Create | Cavalry Archer ×5 |
| 25:27 | Create | Cavalry Archer ×5 |
| 26:01 | Research | Bracer |
| 26:08 | Research | Chemistry |
| 26:15 | Research | Heavy Cavalry Archer (upgrade) |
| 26:20 | Research | Parthian Tactics |
| 26:23 | Research | Elite Mameluke (upgrade) |
| 26:24 | Research | Spies/Treason |
| 26:25 | Research | Conscription |
| 26:25 | Research | Tech 454 |
| 26:39 | Build | Watch Tower |
| 26:40 | Build | Watch Tower |
| 26:40 | Build | Watch Tower |
| 26:55 | Research | Block Printing |
| 27:02 | Research | Illumination |
| 27:11 | Research | Devotion |
| 27:14 | Research | Heresy |
| 27:15 | Research | Theocracy |
| 27:15 | Research | Herbal Medicine |
| 27:17 | Research | Atonement |
| 27:23 | Create | Cavalry Archer ×5 |
| 27:23 | Create | Cavalry Archer ×5 |
| 27:24 | Create | Cavalry Archer ×5 |
| 27:24 | Create | Cavalry Archer ×5 |
| 27:24 | Create | Cavalry Archer ×5 |
Build order — |GaoeG| Ratarax
104 actions detected in the replay
| 8:50 | Build | Archery Range |
| 8:51 | Build | Archery Range |
| 8:53 | Build | Archery Range |
| 8:55 | Build | Archery Range |
| 11:09 | Build | Archery Range |
| 11:11 | Build | Archery Range |
| 11:13 | Build | Archery Range |
| 11:15 | Build | Archery Range |
| 13:03 | Build | Archery Range |
| 13:04 | Build | Archery Range |
| 13:08 | Build | Archery Range |
| 13:10 | Build | Archery Range |
| 13:13 | Build | Archery Range |
| 13:15 | Build | Archery Range |
| 13:17 | Build | Archery Range |
| 13:20 | Build | Archery Range |
| 14:21 | Research | Chain Mail Armor |
| 14:23 | Research | Bodkin Arrow |
| 14:23 | Research | Leather Archer Armor |
| 14:29 | Research | Crossbowman (upgrade) |
| 14:30 | Research | Thumb Ring |
| 14:34 | Research | Ballistics |
| 14:34 | Research | Guard Tower (upgrade) |
| 15:06 | Create | Archer ×5 |
| 15:06 | Create | Archer ×5 |
| 15:07 | Create | Archer ×5 |
| 15:07 | Create | Archer ×5 |
| 15:07 | Create | Archer ×5 |
| 15:08 | Create | Archer ×5 |
| 15:08 | Create | Archer ×5 |
| 15:08 | Create | Archer ×5 |
| 15:09 | Create | Archer ×5 |
| 15:09 | Create | Archer ×5 |
| 15:09 | Create | Archer ×5 |
| 15:10 | Create | Archer ×5 |
| 15:10 | Create | Archer ×5 |
| 15:10 | Create | Archer ×5 |
| 15:11 | Create | Archer ×5 |
| 15:11 | Create | Archer ×5 |
| 15:11 | Create | Archer ×5 |
| 15:12 | Create | Archer ×5 |
| 15:12 | Create | Archer ×5 |
| 15:12 | Create | Archer ×5 |
| 15:13 | Create | Archer ×5 |
| 17:10 | Build | Archery Range |
| 18:48 | Create | Archer ×5 |
| 18:48 | Create | Archer ×5 |
| 18:48 | Create | Archer ×5 |
| 18:49 | Create | Archer ×5 |
| 18:49 | Create | Archer ×5 |
| 18:49 | Create | Archer ×5 |
| 18:50 | Create | Archer ×5 |
| 18:50 | Create | Archer ×5 |
| 18:50 | Create | Archer ×5 |
| 18:51 | Create | Archer ×5 |
| 18:51 | Create | Archer ×5 |
| 18:51 | Create | Archer ×5 |
| 18:51 | Create | Archer ×5 |
| 18:52 | Create | Archer ×5 |
| 18:52 | Create | Archer ×5 |
| 18:52 | Create | Archer ×5 |
| 21:11 | Create | Archer ×5 |
| 21:11 | Create | Archer ×5 |
| 21:12 | Create | Archer ×5 |
| 21:12 | Create | Archer ×5 |
| 21:12 | Create | Archer ×5 |
| 21:13 | Create | Archer ×5 |
| 21:13 | Create | Archer ×5 |
| 21:13 | Create | Archer ×5 |
| 21:14 | Create | Archer ×5 |
| 21:14 | Create | Archer ×5 |
| 21:14 | Create | Archer ×5 |
| 21:15 | Create | Archer ×5 |
| 21:15 | Create | Archer ×5 |
| 21:15 | Create | Archer ×5 |
| 21:16 | Create | Archer ×5 |
| 21:16 | Create | Archer ×5 |
| 22:51 | Build | Archery Range |
| 22:53 | Build | Archery Range |
| 22:55 | Build | Archery Range |
| 22:57 | Build | Archery Range |
| 23:01 | Build | Archery Range |
| 23:03 | Build | Archery Range |
| 23:18 | Research | Bracer |
| 23:19 | Research | Ring Archer Armor |
| 23:23 | Research | Arbalester (upgrade) |
| 23:53 | Research | Tech 1069 |
| 24:11 | Research | Conscription |
| 24:13 | Research | Tech 1064 |
| 24:14 | Research | Spies/Treason |
| 24:42 | Create | Archer ×5 |
| 24:42 | Create | Archer ×5 |
| 24:43 | Create | Archer ×5 |
| 24:43 | Create | Archer ×5 |
| 24:43 | Create | Archer ×5 |
| 24:44 | Create | Archer ×5 |
| 24:44 | Create | Archer ×5 |
| 24:44 | Create | Archer ×5 |
| 24:44 | Create | Archer ×5 |
| 24:45 | Create | Archer ×5 |
| 24:45 | Create | Archer ×5 |
| 24:45 | Create | Archer ×5 |
| 24:46 | Create | Archer ×5 |
| 24:46 | Create | Archer ×5 |
Build order — 85660337
0 actions detected in the replay
Build order — 294246151
First 150 of 242 actions detected
| 10:10 | Build | Barracks |
| 10:13 | Build | Barracks |
| 11:05 | Build | Barracks |
| 11:07 | Build | Barracks |
| 11:25 | Create | Militia |
| 11:25 | Create | Militia |
| 11:25 | Create | Militia |
| 11:26 | Create | Militia |
| 11:26 | Create | Militia |
| 11:26 | Create | Militia |
| 11:27 | Create | Militia |
| 11:27 | Create | Militia |
| 11:27 | Create | Militia |
| 11:28 | Create | Militia |
| 11:28 | Create | Militia |
| 11:28 | Create | Militia |
| 11:29 | Create | Militia |
| 11:29 | Create | Militia |
| 11:29 | Create | Militia |
| 11:30 | Create | Militia |
| 11:30 | Create | Militia |
| 12:26 | Build | Watch Tower |
| 12:27 | Build | Watch Tower |
| 12:28 | Build | Watch Tower |
| 15:42 | Research | Long Swordsman (upgrade) |
| 15:42 | Research | Long Swordsman (upgrade) |
| 15:50 | Research | Ballistics |
| 15:51 | Research | Tech 909 |
| 15:52 | Research | Tech 908 |
| 15:53 | Research | Careening |
| 15:53 | Research | Careening |
| 15:53 | Research | Careening |
| 15:59 | Research | Chain Mail Armor |
| 15:59 | Research | Iron Casting |
| 16:00 | Research | Chain Barding Armor |
| 16:00 | Research | Chain Barding Armor |
| 16:00 | Research | Leather Archer Armor |
| 16:01 | Research | Bodkin Arrow |
| 16:01 | Research | Bodkin Arrow |
| 16:35 | Build | Barracks |
| 16:37 | Build | Barracks |
| 16:39 | Build | Barracks |
| 16:42 | Build | Barracks |
| 16:53 | Build | Barracks |
| 16:57 | Build | Barracks |
| 16:59 | Build | Barracks |
| 17:02 | Build | Barracks |
| 17:15 | Create | Militia |
| 17:15 | Create | Militia |
| 17:15 | Create | Militia |
| 17:16 | Create | Militia |
| 17:16 | Create | Militia |
| 17:16 | Create | Militia |
| 17:17 | Create | Militia |
| 17:17 | Create | Militia |
| 17:17 | Create | Militia |
| 17:18 | Create | Militia |
| 17:18 | Create | Militia |
| 17:18 | Create | Militia |
| 17:19 | Create | Militia |
| 17:19 | Create | Militia |
| 17:19 | Create | Militia |
| 17:20 | Create | Militia |
| 17:20 | Create | Militia |
| 17:20 | Create | Militia |
| 17:21 | Create | Militia |
| 17:21 | Create | Militia |
| 17:21 | Create | Militia |
| 17:22 | Create | Militia |
| 17:22 | Create | Militia |
| 17:22 | Create | Militia |
| 17:23 | Create | Militia |
| 17:23 | Create | Militia |
| 17:23 | Create | Militia |
| 17:24 | Create | Militia |
| 17:24 | Create | Militia |
| 17:58 | Create | Militia |
| 17:59 | Create | Militia |
| 17:59 | Create | Militia |
| 17:59 | Create | Militia |
| 18:00 | Create | Militia |
| 18:00 | Create | Militia |
| 18:00 | Create | Militia |
| 18:01 | Create | Militia |
| 18:01 | Create | Militia |
| 18:01 | Create | Militia |
| 18:02 | Create | Militia |
| 18:02 | Create | Militia |
| 18:02 | Create | Militia |
| 18:03 | Create | Militia |
| 18:03 | Create | Militia |
| 18:03 | Create | Militia |
| 18:04 | Create | Militia |
| 18:04 | Create | Militia |
| 18:04 | Create | Militia |
| 18:05 | Create | Militia |
| 18:05 | Create | Militia |
| 18:05 | Create | Militia |
| 18:06 | Create | Militia |
| 18:06 | Create | Militia |
| 18:06 | Create | Militia |
| 18:06 | Create | Militia |
| 18:07 | Create | Militia |
| 18:07 | Create | Militia |
| 18:07 | Create | Militia |
| 18:08 | Create | Militia |
| 18:08 | Create | Militia |
| 18:08 | Create | Militia |
| 18:09 | Create | Militia |
| 18:09 | Create | Militia |
| 18:09 | Create | Militia |
| 18:10 | Create | Militia |
| 18:10 | Create | Militia |
| 18:10 | Create | Militia |
| 18:45 | Create | Militia |
| 18:46 | Create | Militia |
| 18:46 | Create | Militia |
| 18:46 | Create | Militia |
| 18:47 | Create | Militia |
| 18:47 | Create | Militia |
| 18:47 | Create | Militia |
| 18:48 | Create | Militia |
| 18:48 | Create | Militia |
| 18:48 | Create | Militia |
| 18:49 | Create | Militia |
| 18:49 | Create | Militia |
| 18:49 | Create | Militia |
| 18:50 | Create | Militia |
| 18:50 | Create | Militia |
| 18:50 | Create | Militia |
| 18:51 | Create | Militia |
| 18:51 | Create | Militia |
| 18:51 | Create | Militia |
| 18:51 | Create | Militia |
| 18:52 | Create | Militia |
| 18:52 | Create | Militia |
| 18:52 | Create | Militia |
| 19:20 | Create | Militia |
| 19:20 | Create | Militia |
| 19:21 | Create | Militia |
| 19:21 | Create | Militia |
| 19:21 | Create | Militia |
| 19:22 | Create | Militia |
| 19:22 | Create | Militia |
| 19:22 | Create | Militia |
| 19:23 | Create | Militia |
| 19:23 | Create | Militia |
| 19:23 | Create | Militia |
| 19:24 | Create | Militia |
| 19:24 | Create | Militia |
Build order — wrangler867
10 actions detected in the replay
| 16:37 | Research | Ballistics |
| 16:43 | Research | Leather Archer Armor |
| 18:50 | Research | Bodkin Arrow |
| 20:34 | Research | Iron Casting |
| 20:38 | Research | Guard Tower (upgrade) |
| 23:34 | Research | Chain Mail Armor |
| 23:38 | Research | Treadmill Crane |
| 25:11 | Research | Tech 909 |
| 28:33 | Research | Elite Longbowman (upgrade) |
| 29:03 | Research | Yeomen |
Build order — BBlR| oduncu
9 actions detected in the replay
| 18:38 | Research | Bodkin Arrow |
| 18:39 | Research | Leather Archer Armor |
| 18:40 | Research | Chain Mail Armor |
| 18:41 | Research | Iron Casting |
| 18:42 | Research | Chain Barding Armor |
| 18:47 | Research | Guard Tower (upgrade) |
| 18:48 | Research | Ballistics |
| 18:49 | Research | Treadmill Crane |
| 18:53 | Research | Tech 1110 |
Match timeline
| 6:29 | Sonrimo · first_building Stable |
| 6:32 | Sonrimo · first_building Archery Range |
| 8:50 | |GaoeG| Ratarax · first_building Archery Range |
| 10:10 | 294246151 · first_building Barracks |
| 11:03 | heart · first_building Stable |
| 11:26 | heart · first_building Archery Range |
| 13:43 | Sonrimo · first_building Monastery |
| 14:07 | _Shamanix_ · first_building Stable |
| 14:34 | _Shamanix_ · first_building Archery Range |
| 16:34 | Sonrimo · wall_segment Stone Wall x1 |
| 16:36 | Sonrimo · wall_segment Stone Wall x13 |
| 22:29 | heart · first_building Siege Workshop |
| 23:01 | _Shamanix_ · first_building Siege Workshop |
| 24:40 | 294246151 · resign |
[ AI ANALYSIS · 1 CREDIT ]
What really happened in this match?
Wolo.gg analyzes every decision: build order, eco, micro, common mistakes by bracket. Personalized analysis on WhatsApp or Discord in 30 seconds.
Civ guide
Portuguese
Map guide
CBA_=REQUIEM=_V292_DE (Scenario)
Perfil
heart